 Dungeon Crawl Stone Soup version 0.32-a0-799-g95e1662365 (webtiles) character file.

Game seed: 15430082512925028223

35 porpoise the Poker (level 3, -5/28 HPs)
             Began as a Demonspawn Gladiator on Mar 22, 2024.
             Slain by a kobold
             ... wielding a +1 dagger of electrocution
              (15 damage)
             ... on level 1 of the Dungeon.
             The game lasted 00:02:15 (760 turns).

porpoise the Poker (Demonspawn Gladiator)            Turns: 760, Time: 00:02:16

Health: -5/28      AC:  5    Str: 16    XL:     3   Next: 17%
Magic:  3/3        EV: 11    Int:  8    God:
Gold:   45         SH:  0    Dex: 16    Spells: 2/2 levels left

rFire   . . .        a - +0 trident
rCold   . . .        (no shield)
rNeg    . . .        f - +0 leather armour
rPois   .            c - +0 helmet
rElec   .            (no cloak)
rCorr   .            (no gloves)
SInv    .            i - +0 pair of boots
Will    .....        (no amulet)
Stlth   ++           (no ring)
HPRegen 0.24/turn    (no ring)
MPRegen 0.16/turn

%: no passive effects
@: no status effects
A: thin skeletal structure 1, magic regeneration
a: no special abilities


You were on level 1 of the Dungeon.
You visited 1 branch of the dungeon, and saw 1 of its levels.

You collected 45 gold pieces.

Inventory:

Hand Weapons
 a - a +0 trident (weapon)
 b - a +0 sling
Missiles
 d - 3 throwing nets (quivered)
 e - a javelin
 j - 4 poisoned darts
Armour
 c - a +0 helmet (worn)
 f - a +0 leather armour (worn)
 i - a +0 pair of boots (worn)
Scrolls
 h - a scroll of blinking {unknown}
Potions
 g - a potion of curing {unknown}


   Skills:
 + Level 2.6 Fighting
 * Level 3.5 Polearms
 - Level 1.7 Throwing
 - Level 2.6 Dodging


You had 2 spell levels left.
You didn't know any spells.
Your spell library was empty.

Dungeon Overview and Level Annotations

Branches:
Dungeon (1/15)

Altars:


Innate Abilities, Weirdness & Mutations

You have a somewhat thin skeletal structure. (Dex +2, Stealth+)
You regenerate magic rapidly.


Message History

Found a scratched steel ring.
Found a stone staircase leading down.
Found 14 gold pieces.
Found a silvery potion.
You reach to attack!
The helpless dart slug fails to defend itself.
You hit the dart slug.
The dart slug is lightly wounded.
You reach to attack!
You hit the dart slug but do no damage.
The dart slug is lightly wounded.
You puncture the dart slug!
You kill the dart slug!
A kobold comes into view.
It is wielding a +1 dagger of electrocution.
The kobold shouts!
You see here a silvery potion.
You reach to attack!
You closely miss the kobold. The kobold closely misses you.
You completely miss the kobold. The kobold barely misses you.
You closely miss the kobold.
The kobold hits you with a +1 dagger of electrocution.
You hit the kobold.
The kobold is moderately wounded.
The kobold hits you with a +1 dagger of electrocution.
You are electrocuted!
Ouch! That really hurt!
You are too injured to fight recklessly!
You are too injured to fight recklessly!
You hit the kobold but do no damage.
The kobold is moderately wounded.
The kobold hits you but does no damage.
You hit the kobold.
The kobold is heavily wounded.
The kobold hits you but does no damage.
You barely miss the kobold.
The kobold is heavily wounded.
The kobold hits you with a +1 dagger of electrocution.
You closely miss the kobold.
The kobold is heavily wounded.
The kobold hits you but does no damage. x2; You are electrocuted!
Ouch! That really hurt!
You die...

#.# #.# #.# #.# .#
#.# #=# #.# #.# #K#
#.# # #@# #.# #
####.##.####.###.##
...$..............#.
###..>.............g
#.########.###### #
# #.######.#
#........####
#####............
.........###.####


You could see a kobold.

Vanquished Creatures
  4 dart slugs (D:1)
  3 ball pythons (D:1)
  3 bats (D:1)
  2 endoplasms (D:1)
  3 giant cockroaches (D:1)
  3 goblins (D:1)
  A frilled lizard (D:1)
  3 kobolds (D:1)
  8 rats (D:1)
30 creatures vanquished.

Notes
Turn   | Place    | Note
-------+----------+-------------------------------------------
     0 | D:1      | porpoise the Demonspawn Gladiator began the quest for the
                  | Orb.
     0 | D:1      | Reached XP level 1. HP: 16/16 MP: 1/1
   109 | D:1      | Reached skill level 3 in Polearms
   114 | D:1      | Gained mutation: You have a somewhat thin skeletal
                  | structure. (Dex +2, Stealth+) [demonic ancestry]
   114 | D:1      | Reached XP level 2. HP: 22/22 MP: 2/2
   267 | D:1      | Found a faded altar of an unknown god.
   636 | D:1      | Gained mutation: You regenerate magic rapidly. [demonic
                  | ancestry]
   636 | D:1      | Reached XP level 3. HP: 28/28 MP: 3/3
   760 | D:1      | Slain by a kobold

Illustrated notes

Levels and vault maps discovered:
D:1:      wander_arrival_desolate, layout_basic, ebering_ecumenical_altar_rust

Skill      XL: |  1 |
---------------+----+-----
Polearms       | 3 |  3.5
Fighting       | |  2.6
Throwing       | |  1.7
Dodging        | |  2.6

Action                     || total
---------------------------++-------
  Melee: Trident           ||    92
   Fire: Sling             ||     3
   Stab: Sleeping          ||     6
         Distracted        ||     1
 Armour: Leather armour    ||    29
  Dodge: Dodged            ||    35

Table legend: (Time is in decaauts)
 A = Elapsed time spent in this place.
 B = Non-inter-level travel time spent in this place.
 C = Inter-level travel time spent in this place.
 D = Time resting spent in this place.
 E = Time spent auto-exploring this place.
 F = Levels seen in this place.
 G = Mean time per level.
                   A        B        C        D        E       F      G
               +--------+--------+--------+--------+--------+-----+--------+
         Total |    773 |    773 |      0 |     97 |    440 |   1 |  773.0 |
       Dungeon |    773 |    773 |      0 |     97 |    440 |   1 |  773.0 |
               +--------+--------+--------+--------+--------+-----+--------+

Top non-repeatable levels by time:
     D:1: 773 daAuts
